 Dungeon Crawl Stone Soup version 0.30-a0-860-g512cf1e979 (webtiles) character file.

Game seed: 10216559140531429374

136 Orangeyouglad the Sneak (level 4, -8/30 HPs)
             Began as a Vampire Enchanter on Mar 7, 2023.
             Was a Believer of Kikubaaqudgha.
             Killed by divine providence
             ... invoked by an orc priest
              (10 damage)
             ... on level 4 of the Dungeon.
             The game lasted 00:07:26 (2263 turns).

Orangeyouglad the Sneak (Vampire Enchanter)         Turns: 2263, Time: 00:07:27

Health: -8/30      AC:  8    Str:  7    XL:     4   Next: 98%
Magic:  8/8        EV: 12    Int: 25    God:    Kikubaaqudgha [**....]
Gold:   197        SH:  0    Dex: 14    Spells: 2/8 levels left

rFire   . . .      SeeInvis +    a - +2 dagger (venom)
rCold   + . .      Faith    .    (no shield)
rNeg    . . .      Spirit   .    n - +1 leather armour of the Bruised Lives {rC+ Slay+2 SInv}
rPois   .          Reflect  .    (no helmet)
rElec   .          Rampage  .    (no cloak)
rCorr   .                        (no gloves)
Will    .....                    (no boots)
Stlth   +++                      z - amulet of regeneration
HPRegen 1.25/turn                h - +4 ring of protection
MPRegen 0.11/turn                s - +6 ring of intelligence

@: healing quickly
A: alive, fangs 3, see invisible, vampiric 2
a: Exsanguinate, Renounce Religion, Unearth Wretches


You were on level 4 of the Dungeon.
You worshipped Kikubaaqudgha.
Kikubaaqudgha was pleased with you.
You visited 1 branch of the dungeon, and saw 4 of its levels.

You collected 197 gold pieces.

Inventory:

Hand Weapons
 a - a +2 dagger of venom (weapon)
Missiles
 g - 7 poisoned darts (quivered)
 l - 2 boomerangs of dispersal
Armour
 b - a +0 robe
 n - the +1 leather armour of the Bruised Lives (worn) {rC+ Slay+2 SInv}
   (You found it on level 2 of the Dungeon)

   Slay:      It affects your accuracy & damage with ranged weapons and melee
   (+2).
   rC:        It protects you from cold.
   SInv:      It lets you see invisible.
Magical Staves
 o - a staff of fire
Jewellery
 h - a +4 ring of protection (left hand)
 s - a +6 ring of intelligence (right hand)
 u - a +4 ring of protection
 x - a +5 ring of evasion
 z - an amulet of regeneration (around neck)
Scrolls
 i - 3 scrolls of vulnerability
 j - a scroll of magic mapping
 k - a scroll of brand weapon {unknown}
 m - a scroll of poison {unknown}
 p - a scroll of identify {unknown}
 q - a scroll of summoning {unknown}
 t - a scroll of enchant armour {unknown}
 v - a scroll of amnesia {unknown}
 w - a scroll of teleportation {unknown}
 y - a scroll of immolation {unknown}
Potions
 c - 2 potions of invisibility
 d - 3 potions of heal wounds {unknown}
 e - 6 potions of curing {unknown}
 f - a potion of might {unknown}
 r - 2 potions of berserk rage {unknown}


   Skills:
 + Level 2.5 Short Blades
 + Level 3.1 Dodging
 + Level 5.5 Stealth
 + Level 2.7 Spellcasting
 + Level 5.4 Hexes


You had 2 spell levels left.
You knew the following spells:

 Your Spells              Type           Power      Damage    Failure   Level
a - Necrotise             Necr           12%        1d4       16%         1
b - Ensorcelled Hibernat  Hex/Ice        34%        N/A       8%          2
c - Confusing Touch       Hex            30%        N/A       4%          3

Your spell library contained the following spells:

 Spells                   Type           Power      Damage    Failure   Level
 Kiss of Death            Conj/Necr      12%        2d6       16%         1
 Shock                    Conj/Air       12%        1d3       16%         1
 Summon Small Mammal      Summ           12%        N/A       16%         1
 Cigotuvi's Dreadful Rot  Necr/Pois/Air  6%         N/A       24%         2
 Sublimation of Blood     Necr           3%         N/A       24%         2
 Tukima's Dance           Hex            30%        N/A       4%          3
 Dazzling Flash           Conj/Hex       34%        N/A       16%         3
 Inner Flame              Hex/Fire       17%        N/A       16%         3
 Portal Projectile        Hex/Tloc       34%        N/A       16%         3
 Summon Guardian Golem    Hex/Summ       17%        N/A       16%         3
 Call Canine Familiar     Summ           3%         N/A       43%         3
 Gell's Gravitas          Tloc           3%         N/A       43%         3
 Swiftness                Air            3%         N/A       43%         3
 Teleport Other           Tloc           3%         N/A       43%         3
 Yara's Violent Unravell  Hex/Tmut       8%         3d5       82%         5
 Airstrike                Air            1%         2d(1-17)  83%         4
 Flame Wave               Conj/Fire      3%         2d5       83%         4
 Passage of Golubria      Tloc           3%         N/A       83%         4
 Sticky Flame             Conj/Fire      3%         2d3       83%         4
 Blade Hands              Tmut           1%         N/A       99%         5
 Dispersal                Tloc           1%         N/A       100%        6


Dungeon Overview and Level Annotations

Branches:
Dungeon (4/15)
 Temple: D:4-7

Altars:
Fedhas
Kikubaaqudgha
Wu Jian

Shops:
D:4 *


Innate Abilities, Weirdness & Mutations

Your natural rate of healing is accelerated.
You have razor-sharp teeth.
You have supernaturally acute eyesight. (SInv)
You are afflicted with vampirism and can become a bat while bloodless.


Message History

An orc wizard comes into view. It is wielding a +0 dagger.
An orc comes into view. It is wielding a +0 club.
Found a ring mail.
The orc priest mumbles some strange prayers to Beogh against you.
Beogh smites you!
The orc wizard gestures wildly while chanting.
The orc wizard flickers and vanishes for a moment.
The orc moves out of view.
The orc wizard points at you and mumbles some strange words.
The puff of flame hits you but does no damage.
The orc shouts!
The orc wizard casts a spell at you.
You are confused.
An orc wizard comes into view. It is wielding a +0 dagger.
The orc wizard shouts!
You bump into the rock wall.
The orc hits you but does no damage.
The orc priest invokes the aid of Beogh against you.
Pain shoots through your body!
A jelly comes into view.
The orc closely misses you. The orc priest hits you with a +0 club.
The orc priest hits you with a +0 quarterstaff.
You are too confused!
Okay, then.
The orc priest attacks as you move away!
The orc priest barely misses you. The orc barely misses you.
The orc wizard casts a spell at you. You resist with some effort.
The orc wizard points at you and mumbles some strange words.
You resist with some effort.
The orc priest attacks as you move away!
The orc priest barely misses you.
You feel less confused.
The orc priest mumbles some strange prayers to Beogh against you.
Pain shoots through your body!
* * * LOW HITPOINT WARNING * * *
The orc hits you but does no damage.
The orc priest invokes the aid of Beogh against you.
Beogh smites you!
You die...
Kikubaaqudgha rasps: "You have failed me!
Welcome... death!"

,,,,,* *,**,*,,,,,,**,,,#####..#
,***,* *,**.#..**..##...****#..#
,* *,****,**#...##........#,....#
,* *,,,,,,###..[..........#####.#
,***,*****,........_..≈≈..# #.#
,**,,*****,*#.J§≈.o...≈≈..#####.#
*,*,,,,,,,,,#..≈≈..o......#......
**,,,**,,,,,,#..§..♣♣....##.#..##
**,,**,****,#..@.o♣♣....##.#..#*
**,**,**#...#..oo.........#..#,
**,,,,,<......##.....#######..#,
**,*,*,,,##...##.###### #..#.
*,,,,,,,,....#*#.* #....
,***,*,,,####* #.* #.... ,*
*,,,,,,*****#.* ##.#. ,*
*,,,,,,,,,,,..* #.#.
,******,*,*****##* #.#.


You could see a jelly, 2 orc priests, 2 orc wizards and an orc.

Vanquished Creatures
  A jelly (D:3)
  3 adders
  2 worms (D:3)
  A dart slug (D:1)
  3 orcs (D:4)
  8 ball pythons
  4 bats
  6 endoplasms
  7 giant cockroaches
  5 goblins
  4 hobgoblins
  5 kobolds
  6 quokkas
  2 frilled lizards
  6 rats
63 creatures vanquished.

Notes
Turn   | Place    | Note
-------+----------+-------------------------------------------
     0 | D:1      | Orangeyouglad the Vampire Enchanter began the quest for the
                  | Orb.
     0 | D:1      | Reached XP level 1. HP: 13/13 MP: 3/3
   134 | D:1      | Reached XP level 2. HP: 19/19 MP: 5/5
   316 | D:1      | Found a faded altar of an unknown god.
   325 | D:1      | Prayed at the altar of an unknown god.
   325 | D:1      | Became a worshipper of Kikubaaqudgha
   325 | D:1      | Reached * piety under Kikubaaqudgha
   325 | D:1      | Received a gift from Kikubaaqudgha
   338 | D:1      | Learned a level 1 spell: Necrotise
   402 | D:1      | Gained mutation: You are afflicted with vampirism and can
                  | become a bat while bloodless. [Vampire growth]
   402 | D:1      | Reached XP level 3. HP: 23/24 MP: 6/6
   736 | D:2      | Identified the +1 leather armour of the Bruised Lives {rC+
                  | Slay+2 SInv}
   860 | D:2      | Reached skill level 5 in Stealth
  1019 | D:2      | Reached skill level 5 in Hexes
  1388 | D:2      | Learned a level 2 spell: Ensorcelled Hibernation
  1572 | D:3      | Reached ** piety under Kikubaaqudgha
  1573 | D:3      | Reached XP level 4. HP: 30/30 MP: 7/7
  1747 | D:3      | Found a blossoming altar of Fedhas.
  1911 | D:3      | Learned a level 3 spell: Confusing Touch
  1916 | D:3      | Identified the +0 chain mail of Kiklibli {rElec Will+
                  | Str+4}
  2209 | D:4      | Found Hanupie's Fire Supplies.
  2248 | D:4      | Found an ornate altar of the Wu Jian Council.
  2263 | D:4      | Killed from afar by an orc priest

Illustrated notes

Levels and vault maps discovered:
D:1:      mushboom_english_gardens, layout_rooms,
          shapermc_ecumenical_altar_mp_urbaneastern
D:2:      layout_loops_ring, nrook_campfire, kennysheep_donut
D:3:      layout_loops_cross, mainiacjoe_overflow_tiny_flanked
D:4:      layout_loops_ring, nicolae_wu_jian_wuxing_cycle, lemuel_tele_altar,
          portal_sewer_entry_f, nicolae_shop_fire_sale [nicolae_sub_dead_trees]

Skill      XL: |  1  2  3  4 |
---------------+-------------+-----
Stealth        | 5 |  5.5
Short Blades   | 2 |  2.5
Hexes          | 5 |  5.4
Dodging        | 3 |  3.1
Spellcasting   | |  2.7

Action                     |  1- 3 |  4- 6 || total
---------------------------+-------+-------++-------
  Melee: Dagger            |   124 |    33 ||   157
         Bite              |     9 |     6 ||    15
         Punch             |     1 |       ||     1
    Use: Scroll            |       |     2 ||     2
   Stab: Sleeping          |     9 |     4 ||    13
 Armour: Robe              |    26 |       ||    26
         Leather armour    |     9 |    11 ||    20
  Dodge: Dodged            |    73 |    20 ||    93

Table legend: (Time is in decaauts)
 A = Elapsed time spent in this place.
 B = Non-inter-level travel time spent in this place.
 C = Inter-level travel time spent in this place.
 D = Time resting spent in this place.
 E = Time spent auto-exploring this place.
 F = Levels seen in this place.
 G = Mean time per level.
                   A        B        C        D        E       F      G
               +--------+--------+--------+--------+--------+-----+--------+
         Total |   2246 |   2170 |     76 |     14 |   1203 |   4 |  561.5 |
       Dungeon |   2246 |   2170 |     76 |     14 |   1203 |   4 |  561.5 |
               +--------+--------+--------+--------+--------+-----+--------+

Top non-repeatable levels by time:
     D:3: 726 daAuts
     D:1: 713 daAuts
     D:2: 675 daAuts
     D:4: 130 daAuts
